[Event "Titled Tuesday Blitz May 4 2021"]
[White "Roebers, Jan"]
[Black "Kovacs, Klara"]
[WhiteFideId "1007815"]
[BlackFideId "733210"]
[WhiteElo "2197"]
[BlackElo "2120"]
[Result "1/2-1/2"]
[Round "11"]
[TimeControl "180+1"]
[Date "2021.05.04"]
[WhiteClock "0:00:52"]
[BlackClock "0:00:09"]

1. e4 e6 2. d4 d5 3. Nc3 Be7 4. Nf3 Nf6 5. Bd3 dxe4 6. Nxe4 Nxe4 7. Bxe4 Nd7 8. O-O Nf6 9. Bd3 O-O 10. c3 c5 11. Qe2 b6 12. Bg5 Bb7 13. Rad1 cxd4 14. cxd4 Qd5 15. Rfe1 h6 16. Bxf6 Bxf6 17. Be4 Qd7 18. Bxb7 Qxb7 19. Qe4 Qxe4 20. Rxe4 Rfd8 21. Ne5 Rac8 22. g3 Rc2 23. Rb1 g6 24. Kf1 Rd2 25. Nf3 Rc2 26. Re2 Rxe2 27. Kxe2 Bxd4 28. Nxd4 Rxd4 29. Rc1 Rd7 30. b4 Kg7 31. a4 Rd4 32. Rc7 Rxb4 33. Rxa7 Rb2+ 34. Ke1 Kf6 35. h4 h5 36. a5 bxa5 37. Rxa5 e5 38. Ra7 Ke6 39. Ra6+ Kf5 40. Ra7 f6 41. Ra6 e4 42. Kf1 Rb1+ 43. Kg2 Rb2 44. Ra3 g5 45. hxg5 fxg5 46. Re3 Ke5 47. Ra3 Re2 48. Ra5+ Kf6 49. Kf1 Rb2 50. Rc5 Rb3 51. Kg2 e3 52. fxe3 Rxe3 53. Ra5 Rb3 54. Rc5 Kg6 55. Ra5 h4 56. gxh4 gxh4 1/2-1/2


[Site "https://www.chess.com"]

[Event "Titled Tuesday Blitz May 4 2021"]
[White "Royal, Shreyas"]
[Black "Niyazgulova, Marina"]
[WhiteFideId "448869"]
[BlackFideId "24142573"]
[WhiteElo "1931"]
[BlackElo "2087"]
[Result "0-1"]
[Round "11"]
[TimeControl "180+1"]
[Date "2021.05.04"]
[WhiteClock "0:02:00"]
[BlackClock "0:00:50"]

1. d4 d5 2. c4 c6 3. Nf3 Nf6 4. Nc3 dxc4 5. a4 Bf5 6. Ne5 Qc7 7. Nxc4 Nbd7 8. g3 e5 9. dxe5 Nxe5 10. Bf4 Nfd7 11. Bg2 f6 12. O-O Nc5 13. b4 Rd8 14. Qe1 Nb3 15. Ra3 Nd4 16. e4 Nc2 17. Qc1 Nxa3 18. Nxa3 Be6 19. Ncb5 Qb8 20. Nc3 Bxb4 21. Qb2 a5 22. Nc2 Nd3 23. Qxb4 Nxb4 24. Bxb8 Rxb8 25. Nd4 Bc4 26. Re1 Kf7 27. Nf5 Rhd8 28. Ne3 Be6 29. f4 Rd3 30. Ncd1 Bb3 31. Nf2 Rd2 32. Nf5 Rxf2 33. Kxf2 Nd3+ 34. Ke2 Nxe1 35. Kxe1 Bxa4 36. Ke2 Rd8 37. Ne3 Bb5+ 38. Kf3 a4 39. e5 a3 40. f5 fxe5 41. Ke4 a2 42. Kxe5 a1=Q+ 43. Kf4 Qd4+ 44. Kf3 Qd2 45. Ng4 Qe2+ 46. Kf4 Rd4+ 47. Kg5 Qxg4# 0-1


[Site "https://www.chess.com"]

[Event "Titled Tuesday Blitz May 4 2021"]
[White "Rustemov, Alexander"]
[Black "Costachi, Mihnea"]
[WhiteFideId "4119002"]
[BlackFideId "1217518"]
[WhiteElo "2644"]
[BlackElo "2479"]
[Result "0-1"]
[Round "11"]
[TimeControl "180+1"]
[Date "2021.05.04"]
[WhiteClock "0:00:06"]
[BlackClock "0:00:08"]

1. d4 Nf6 2. c4 g6 3. Nf3 Bg7 4. g3 O-O 5. Bg2 d6 6. Nc3 Nc6 7. O-O Bf5 8. Ne1 e5 9. d5 Ne7 10. e4 Bd7 11. Nd3 Ne8 12. Be3 f5 13. f3 Nf6 14. Qd2 c6 15. dxc6 bxc6 16. c5 fxe4 17. cxd6 exd3 18. dxe7 Qxe7 19. Qxd3 Rad8 20. Qc4+ Qe6 21. Qxe6+ Bxe6 22. Bxa7 Rd2 23. Rf2 Rfd8 24. Be3 R2d3 25. Bg5 Rb8 26. Bf1 Rd7 27. Re1 Nd5 28. Ne4 Ra7 29. Bc4 Nc7 30. Bxe6+ Nxe6 31. b3 Nd4 32. Bf6 Rf8 33. Bxg7 Kxg7 34. Kg2 Rfa8 35. Nc3 Ra5 36. f4 exf4 37. Rxf4 Nf5 38. g4 Nd6 39. Re7+ Kg8 40. Rf6 Nb5 41. Na4 R5a7 42. Rxa7 Rxa7 43. Rxc6 Rd7 44. Rc2 Na3 45. Re2 Rd4 46. Kf3 Kf7 47. Nc5 h5 48. gxh5 gxh5 49. Ke3 Rd1 50. Ne4 Ke6 51. Kf4 Kf7 52. Kg5 Rd5+ 53. Kh6 h4 54. Ng5+ Kf6 55. Rf2+ Ke7 56. Kh5 Rd4 57. Nf3 Rf4 58. Re2+ Kf6 59. Nxh4 Nb5 60. Ng2 Rf3 61. Kg4 Rf1 62. Ne3 Rg1+ 63. Rg2 Ra1 64. h4 Nd4 65. h5 Re1 66. Kf4 Ne6+ 67. Kf3 Ng5+ 68. Kf2 Ra1 69. Ng4+ Kf5 70. Ke3 Ne6 71. h6 Nc5 72. Kd4 Ne6+ 73. Kc3 Ng5 74. Ne3+ Kg6 75. Nd5 Rh1 76. Nf4+ Kf5 77. Rf2 Ne4+ 78. Kc4 Nxf2 79. Nd5 Rxh6 80. a4 Ne4 81. b4 Rc6+ 82. Kb5 Rc1 83. Nb6 Ke5 84. a5 Nd6+ 85. Ka6 Rb1 86. Nd7+ Ke6 87. Nc5+ Kd5 88. Nd7 Rxb4 89. Nb6+ Kc6 90. Ka7 Nb5+ 91. Ka6 Nc7+ 92. Ka7 Rb5 93. a6 Nxa6 94. Nc8 Nc5 95. Ne7+ Kd6 96. Nf5+ Ke5 97. Ne3 Rb1 98. Nc4+ Kd4 99. Nd6 Ra1+ 100. Kb6 Nd3 101. Nb5+ Ke3 102. Nd6 Rh1 103. Kc6 Nf4 104. Nf5+ Kf3 105. Nd4+ Ke4 106. Nb5 Rh6+ 107. Kc5 Nd5 108. Nd6+ Ke3 109. Nc4+ Ke4 110. Nd6+ Kf4 111. Kxd5 Rh5+ 112. Kc6 Ke3 113. Ne8 Rh1 114. Nd6 Rc1+ 115. Kd7 Kd4 116. Ke6 Re1+ 117. Kf6 Kd5 118. Nf5 Rf1 119. Kg5 Ke5 120. Ng3 Rg1 121. Kg4 Ra1 122. Kf3 Ra4 123. Ke3 Ra3+ 124. Kf2 Kf4 125. Ne2+ Ke4 126. Ng3+ Kd4 127. Ne2+ Ke4 128. Ng3+ Ke5 129. Ne2 Rb3 130. Ng3 Kf4 131. Ne2+ Kg4 132. Nd4 Ra3 133. Ke2 Kf4 134. Kd2 Ke4 135. Nc2 Rh3 136. Nb4 Rg3 137. Kc2 Kd4 138. Na2 Rg2+ 139. Kb3 Rg3+ 140. Kb4 Rg2 141. Ka4 Rxa2+ 142. Kb3 Re2 0-1


[Site "https://www.chess.com"]

[Event "Titled Tuesday Blitz May 4 2021"]
[White "Rytenko, Vsevolod"]
[Black "Alahakoon, Isuru"]
[WhiteFideId "14133040"]
[BlackFideId "9900993"]
[WhiteElo "2228"]
[BlackElo "2062"]
[Result "1-0"]
[Round "11"]
[TimeControl "180+1"]
[Date "2021.05.04"]
[WhiteClock "0:02:30"]
[BlackClock "0:00:08"]

1. d4 d5 2. Nf3 Nc6 3. g3 Nf6 4. Bg2 Bg4 5. O-O Qd7 6. c4 O-O-O 7. Nc3 dxc4 8. Be3 e6 9. Qa4 Kb8 10. Qxc4 Nd5 11. Nxd5 exd5 12. Qb3 h5 13. Rac1 h4 14. Ne5 Nxe5 15. dxe5 hxg3 16. fxg3 Bxe2 17. Rf2 Bc4 18. Rxc4 dxc4 19. Qxb7# 1-0


[Site "https://www.chess.com"]

[Event "Titled Tuesday Blitz May 4 2021"]
[White "San, Thit Lwin"]
[Black "Kalajzic, Ivan"]
[WhiteFideId "13001272"]
[BlackFideId "14506378"]
[WhiteElo "2232"]
[BlackElo "2163"]
[Result "0-1"]
[Round "11"]
[TimeControl "180+1"]
[Date "2021.05.04"]
[WhiteClock "0:00:02"]
[BlackClock "0:00:07"]

1. Nf3 f5 2. c4 Nf6 3. Nc3 e6 4. g3 Be7 5. Bg2 O-O 6. d4 d6 7. O-O c6 8. Qc2 Qe8 9. Re1 Qh5 10. e4 fxe4 11. Nxe4 Nbd7 12. Neg5 Nb6 13. Nxe6 Bxe6 14. Rxe6 Rae8 15. Bf4 d5 16. c5 Nbd7 17. Rae1 Bd8 18. h3 Ne4 19. Rxe8 Rxe8 20. Ne5 Ndf6 21. b4 a5 22. a3 axb4 23. axb4 g5 24. Be3 Bc7 25. b5 Bxe5 26. dxe5 Rxe5 27. bxc6 bxc6 28. Qa4 Re6 29. Rb1 Qe2 30. Bf1 Qf3 31. Bg2 Qe2 32. Bf1 Qh5 33. Rb7 Qe8 34. Qa7 Qg6 35. Rb8+ Re8 36. Rxe8+ Qxe8 37. Qc7 Nxg3 38. fxg3 Qxe3+ 39. Kh2 Qf2+ 40. Bg2 Ne4 41. Qc8+ Kg7 42. Qd7+ Qf7 43. Qxc6 h5 44. Qb6 h4 45. Qb2+ Kh6 46. gxh4 Qf4+ 47. Kg1 Qe3+ 48. Kh2 gxh4 49. Qh8+ Kg6 50. Qg8+ Kf6 51. Qf8+ Ke5 52. Qd6+ Kd4 53. Qf6+ Nxf6 54. Bxd5 Qg3+ 55. Kh1 Nxd5 56. c6 Nf4 57. c7 Qg2# 0-1


[Site "https://www.chess.com"]

[Event "Titled Tuesday Blitz May 4 2021"]
[White "Saraci, Nderim"]
[Black "Rakotomaharo, Fy Antenaina"]
[WhiteFideId "6351921"]
[BlackFideId "13100050"]
[WhiteElo "2486"]
[BlackElo "2378"]
[Result "1/2-1/2"]
[Round "11"]
[TimeControl "180+1"]
[Date "2021.05.04"]
[WhiteClock "0:00:07"]
[BlackClock "0:00:06"]

1. b3 e5 2. Bb2 Nc6 3. e3 g6 4. c4 Bg7 5. Nf3 Nge7 6. d4 e4 7. Nfd2 f5 8. Nc3 O-O 9. Be2 Kh8 10. O-O d5 11. cxd5 Nb4 12. Nc4 Nbxd5 13. Rc1 Be6 14. Ne5 Nxc3 15. Bxc3 Nd5 16. Bd2 f4 17. exf4 Nxf4 18. Be3 c6 19. Bg4 Bxe5 20. dxe5 Qxd1 21. Bxd1 a5 22. Bc5 Rfe8 23. Bd6 Bd5 24. Rc3 Nd3 25. Bc2 Nxe5 26. Re1 Nf7 27. Bc7 a4 28. bxa4 Bxa2 29. a5 Bd5 30. Rb1 Ra7 31. Bb6 Raa8 32. h3 Kg8 33. Bc7 Rec8 34. Bb6 Nd6 35. Re1 Re8 36. Rb1 Nc4 37. Bc7 Rec8 38. Bg3 Nxa5 39. Ra3 Ra6 40. Rb4 Rca8 41. Bxe4 Bxe4 42. Rxe4 b5 43. Rd3 Nc4 44. Kh2 R6a7 45. Re6 Rc8 46. Bf4 Kf7 47. Re2 Re7 48. Ra2 Rb7 49. Rd4 c5 50. Re4 Re7 51. Rxe7+ Kxe7 52. Ra7+ Ke6 53. Rxh7 b4 54. Rb7 Na3 55. Bc1 Nc2 56. g4 Nd4 57. h4 Rc6 58. h5 gxh5 59. gxh5 Kf5 60. h6 Rc8 61. h7 Rh8 62. Kg2 Kg6 63. Bb2 Rxh7 64. Rb8 Rd7 65. Rc8 Ne6 66. Rc6 Kf5 67. Kg3 Rd3+ 68. f3 Rd2 69. Bc1 Rd3 70. Bb2 Rb3 71. Bc1 Rxf3+ 72. Kxf3 Nd4+ 73. Ke3 Nxc6 74. Kd3 Ke6 75. Kc4 Kd6 76. Bf4+ Ne5+ 77. Kb3 Kd5 78. Bd2 Nc4 79. Be1 Kd4 80. Bxb4 cxb4 81. Kxb4 1/2-1/2


[Site "https://www.chess.com"]

[Event "Titled Tuesday Blitz May 4 2021"]
[White "Sargsyan, Anna M."]
[Black "Omariev, Maksim"]
[WhiteFideId "13308130"]
[BlackFideId "4193423"]
[WhiteElo "2263"]
[BlackElo "2420"]
[Result "1-0"]
[Round "11"]
[TimeControl "180+1"]
[Date "2021.05.04"]
[WhiteClock "0:00:19"]
[BlackClock "0:00:02"]

1. d4 h5 2. c4 h4 3. Nc3 d6 4. h3 e5 5. Nf3 Nc6 6. dxe5 Nxe5 7. e4 Be7 8. Be2 Nf6 9. Nd4 Be6 10. b3 Qd7 11. f4 Nc6 12. f5 Nxd4 13. Qxd4 Bxf5 14. exf5 Qxf5 15. Qd3 Qe5 16. O-O O-O-O 17. Qf5+ Kb8 18. Qxe5 dxe5 19. Be3 Bb4 20. Rac1 Rd7 21. Rfd1 Rxd1+ 22. Nxd1 Ne4 23. c5 f5 24. Kh2 Rd8 25. Bf3 Nd2 26. Bg5 Nxf3+ 27. gxf3 Rd5 28. Ne3 Rd2+ 29. Kh1 f4 30. Ng4 Rd5 31. Bxh4 Bxc5 32. Re1 Bd6 33. Re2 b5 34. Nf2 Kb7 35. Ne4 Kb6 36. Bf2+ Kb7 37. Rc2 Rd1+ 38. Kg2 a5 39. h4 a4 40. Nc3 Ra1 41. Nxb5 axb3 42. axb3 Rb1 43. Nxd6+ cxd6 44. Rd2 Rxb3 45. Rxd6 Kc7 46. Re6 Rb5 47. Re7+ Kd6 48. Rxg7 Ke6 49. Rg6+ Kf5 50. Rg5+ Kf6 51. Rg8 Kf5 52. h5 e4 53. fxe4+ Kxe4 54. h6 Rh5 55. Rg6 Kf5 56. Ra6 Kg5 57. Kf3 Rxh6 58. Ra5+ Kg6 59. Kxf4 Rh5 60. Ra6+ Kf7 61. Bd4 Rd5 62. Be5 Rd1 63. Kf5 Rf1+ 64. Bf4 Ke7 65. Ra7+ Kd8 66. Ke5 1-0


[Site "https://www.chess.com"]

[Event "Titled Tuesday Blitz May 4 2021"]
[White "Sarkar, Justin"]
[Black "Wilson, Elvin"]
[WhiteFideId "2010011"]
[BlackFideId "2014874"]
[WhiteElo "2140"]
[BlackElo "2217"]
[Result "1-0"]
[Round "11"]
[TimeControl "180+1"]
[Date "2021.05.04"]
[WhiteClock "0:00:56"]
[BlackClock "0:00:03"]

1. d4 Nf6 2. g4 Nxg4 3. e4 d5 4. Be2 Nxf2 5. Kxf2 dxe4 6. Nc3 Bf5 7. Be3 Qd7 8. d5 g6 9. Qd4 Rg8 10. Bb5 c6 11. dxc6 bxc6 12. Qxd7+ Kxd7 13. Rd1+ Kc8 14. Bc4 e6 15. Nge2 Nd7 16. Ng3 Bc5 17. Ncxe4 Bxe3+ 18. Kxe3 Kc7 19. Nxf5 gxf5 20. Rxd7+ Kxd7 21. Nf6+ Ke7 22. Nxg8+ Rxg8 23. Kf2 Rg4 24. Be2 Rb4 25. b3 a5 26. Bc4 a4 27. c3 Rb8 28. bxa4 Rb2+ 29. Ke3 e5 30. Bb3 Kf6 31. a5 Rg2 32. a6 Rg8 33. Bc4 Ra8 34. Rb1 1-0


[Site "https://www.chess.com"]

[Event "Titled Tuesday Blitz May 4 2021"]
[White "Schut, Han"]
[Black "Chernomordik, Pavel"]
[WhiteFideId "1005561"]
[BlackFideId "2804530"]
[WhiteElo "2057"]
[BlackElo "2299"]
[Result "0-1"]
[Round "11"]
[TimeControl "180+1"]
[Date "2021.05.04"]
[WhiteClock "0:00:02"]
[BlackClock "0:00:43"]

1. e4 g6 2. d4 Bg7 3. Nc3 d6 4. f4 a6 5. Nf3 b5 6. Bd3 Nd7 7. e5 c5 8. exd6 exd6 9. O-O Ne7 10. dxc5 Nxc5 11. Re1 O-O 12. Be3 Nf5 13. Bf2 b4 14. Ne4 Qc7 15. Nxc5 dxc5 16. Bc4 Qxf4 17. Qd5 Be6 18. Qe4 Qxe4 19. Rxe4 Nd6 20. Rxe6 fxe6 21. Bxe6+ Kh8 22. Bxc5 Rfd8 23. Ng5 h6 24. Bd5 Rac8 25. Ne6 Rd7 26. Nxg7 Kxg7 27. Be6 Rxc5 28. Bxd7 Rxc2 29. b3 Kf6 30. Rf1+ Ke7 31. Bh3 Rxa2 32. Re1+ Kf7 33. Rf1+ Kg7 34. Rd1 Ne4 35. Re1 Ng5 0-1


[Site "https://www.chess.com"]

[Event "Titled Tuesday Blitz May 4 2021"]
[White "Sergey85Rodchenkov"]
[Black "Samadov, Read"]
[BlackFideId "13417444"]
[WhiteElo "2543"]
[BlackElo "2084"]
[Result "0-1"]
[Round "11"]
[TimeControl "180+1"]
[Date "2021.05.04"]
[WhiteClock "0:00:39"]
[BlackClock "0:01:30"]

1. e4 c5 2. Nf3 d6 3. d4 cxd4 4. Nxd4 Nf6 5. Nc3 a6 6. Bc4 e6 7. Bb3 b5 8. O-O Be7 9. f4 Qc7 10. f5 e5 11. Nde2 Bb7 12. Bg5 Nbd7 13. Bxf6 Nxf6 14. Ng3 h5 15. Nd5 Bxd5 16. Bxd5 Rc8 17. c3 h4 18. Ne2 Qc5+ 19. Kh1 Nxd5 20. exd5 h3 21. Ng3 hxg2+ 22. Kxg2 Qc4 23. Qf3 Bf6 24. Ne4 Ke7 25. b3 Qc7 26. a4 Qb7 27. axb5 axb5 28. Rfd1 Ra8 29. Qd3 Rh4 30. Kg3 Rah8 31. Nf2 Qb6 32. h3 e4 33. Re1 Be5+ 0-1


[Site "https://www.chess.com"]

[Event "Titled Tuesday Blitz May 4 2021"]
[White "Serikbay, Assel"]
[Black "Rodin, Mihail"]
[WhiteFideId "13706799"]
[BlackFideId "4113160"]
[WhiteElo "2044"]
[BlackElo "2368"]
[Result "0-1"]
[Round "11"]
[TimeControl "180+1"]
[Date "2021.05.04"]
[WhiteClock "0:00:01"]
[BlackClock "0:00:15"]

1. e4 e5 2. Nf3 Nc6 3. Bb5 a6 4. Ba4 Bc5 5. c3 Nge7 6. d4 exd4 7. cxd4 Bb4+ 8. Nc3 d5 9. O-O O-O 10. Bc2 Bg4 11. a3 Ba5 12. exd5 Nxd5 13. Qd3 g6 14. Bh6 Re8 15. Bb3 Bf5 16. Qd2 Be6 17. Ng5 Qd6 18. Nge4 Qd8 19. Bg5 f6 20. Bxd5 fxg5 21. Bxe6+ Rxe6 22. b4 Bb6 23. Nxg5 Nxd4 24. Rad1 Rd6 25. Qa2+ Kg7 26. Qf7+ Kh6 27. Qxh7+ Kxg5 28. Ne4+ Kf5 29. Qf7+ Rf6 30. Qxf6+ Qxf6 31. Nxf6 Kxf6 32. Rfe1 a5 33. b5 a4 34. Kf1 Ra5 35. Re4 Nf5 36. Rb1 Nd6 37. Reb4 Bc5 38. Rf4+ Ke5 39. g3 Rxb5 0-1


[Site "https://www.chess.com"]

[Event "Titled Tuesday Blitz May 4 2021"]
[White "Shahinyan, David"]
[Black "Dobrov, Vladimir"]
[WhiteFideId "13304380"]
[BlackFideId "4136594"]
[WhiteElo "2372"]
[BlackElo "2614"]
[Result "0-1"]
[Round "11"]
[TimeControl "180+1"]
[Date "2021.05.04"]
[WhiteClock "0:00:01"]
[BlackClock "0:00:10"]

1. e4 e5 2. Nf3 Nf6 3. Nc3 Nc6 4. d4 exd4 5. Nxd4 Bb4 6. Nxc6 bxc6 7. Bd3 d5 8. Bd2 O-O 9. O-O Rb8 10. Re1 Bg4 11. f3 Be6 12. a3 Bc5+ 13. Kh1 Nh5 14. Rf1 Qf6 15. Na4 Bd4 16. c3 Be5 17. f4 Nxf4 18. Bxf4 Bxf4 19. g3 dxe4 20. Rxf4 Qe5 21. Bxe4 g5 22. Qh5 Rfd8 23. Raf1 Qg7 24. Rf6 Rd2 25. Rh6 Bg4 26. Bxh7+ Kf8 27. Qg6 Re8 28. h3 Bf3+ 29. Kg1 Rg2+ 30. Kh1 Rf2+ 31. Kg1 Rg2+ 32. Kh1 Rxb2+ 33. Kg1 Rg2+ 34. Kh1 Rd2+ 35. Kg1 Ree2 36. Qxg7+ Kxg7 37. Rxf3 Re1+ 38. Rf1 Rxf1+ 39. Kxf1 Kxh6 40. Be4 c5 41. Nxc5 Ra2 42. a4 Ra3 43. Kf2 Rxc3 44. Nd3 Rc4 45. Ke3 Rxa4 46. Bd5 f6 47. g4 Kg6 48. Nc5 Ra3+ 49. Kd4 Rxh3 50. Be4+ Kg7 51. Ne6+ Kf7 52. Nxc7 Rg3 53. Bf5 Rf3 54. Nd5 a5 55. Kc4 a4 56. Kb4 a3 57. Bb1 Rg3 58. Nc3 Rxg4+ 59. Kxa3 Rd4 60. Kb2 Ke6 61. Kc2 f5 62. Ba2+ Ke5 63. Ne2 Rd8 64. Bc4 f4 65. Bd3 f3 66. Nc3 g4 67. Kd2 Kf4 68. Nd1 g3 0-1


[Site "https://www.chess.com"]

[Event "Titled Tuesday Blitz May 4 2021"]
[White "Shankovskyi, Andrii"]
[Black "de Leon, Patricia"]
[WhiteFideId "14121565"]
[BlackFideId "3000273"]
[WhiteElo "2269"]
[BlackElo "1989"]
[Result "1-0"]
[Round "11"]
[TimeControl "180+1"]
[Date "2021.05.04"]
[WhiteClock "0:00:13"]
[BlackClock "0:00:03"]

1. e4 e6 2. d4 d5 3. exd5 exd5 4. Bd3 Bd6 5. Nf3 Bg4 6. O-O Ne7 7. Nc3 Nbc6 8. Bg5 f6 9. Bh4 Qd7 10. h3 Bh5 11. Re1 O-O-O 12. Nb5 Bf4 13. Bg3 Bxg3 14. fxg3 g5 15. g4 Bg6 16. g3 a6 17. Nc3 h5 18. Bxg6 Nxg6 19. gxh5 Rxh5 20. Ne5 Qxh3 21. Nxc6 Qxg3+ 22. Kf1 Qf4+ 23. Ke2 bxc6 24. Qd3 Qg4+ 25. Kd2 Nf4 26. Qxa6+ Kd7 27. Qa3 Rh2+ 28. Kc1 Ne6 29. b3 Qxd4 30. Kb2 Qd2 31. Rac1 Rb8 32. Na4 Qd4+ 33. Nc3 Rbh8 34. Rcd1 Qc5 35. Qxc5 Nxc5 36. Ne4 Nxe4 37. Rxe4 Re8 38. Red4 Re5 39. R4d3 Kd6 40. Rf3 Re6 41. Rdf1 Rg2 42. Rxf6 Rxf6 43. Rxf6+ Kc5 44. Rg6 g4 45. Kc3 g3 46. b4+ Kb5 47. Kb3 c5 48. a4# 1-0


[Site "https://www.chess.com"]

[Event "Titled Tuesday Blitz May 4 2021"]
[White "Sharapov, Evgeny"]
[Black "Spencenzug"]
[WhiteFideId "14103133"]
[WhiteElo "2367"]
[BlackElo "2324"]
[Result "1-0"]
[Round "11"]
[TimeControl "180+1"]
[Date "2021.05.04"]
[WhiteClock "0:02:33"]
[BlackClock "0:01:37"]

1. c4 e5 2. Nc3 Bb4 3. g3 Bxc3 4. dxc3 d6 5. Bg2 Nc6 6. Nf3 h6 7. O-O Nf6 8. Ne1 O-O 9. Nc2 Be6 10. Ne3 Rb8 11. Nd5 Bxd5 12. cxd5 Ne7 13. c4 b5 14. b3 bxc4 15. bxc4 Nd7 16. Be3 Rb4 17. Qc2 Nb6 18. Bxb6 cxb6 19. a3 1-0


[Site "https://www.chess.com"]

[Event "Titled Tuesday Blitz May 4 2021"]
[White "Shkapenko, Pavel"]
[Black "Kiselev, Gennady"]
[WhiteFideId "4151933"]
[BlackFideId "4117107"]
[WhiteElo "2386"]
[BlackElo "2323"]
[Result "1-0"]
[Round "11"]
[TimeControl "180+1"]
[Date "2021.05.04"]
[WhiteClock "0:00:39"]
[BlackClock "0:00:30"]

1. e4 c5 2. c3 d5 3. exd5 Qxd5 4. Nf3 Nf6 5. d4 cxd4 6. cxd4 e6 7. Nc3 Qd6 8. Nb5 Qd8 9. Bc4 a6 10. Nc3 Nc6 11. O-O Be7 12. Bg5 Nb4 13. Re1 O-O 14. Ne5 Bd7 15. a3 Nbd5 16. Bxf6 Nxf6 17. Qf3 b5 18. Ba2 Rc8 19. Rad1 Be8 20. d5 exd5 21. Bxd5 Nxd5 22. Nxd5 Bd6 23. Ng4 Qg5 24. Ndf6+ gxf6 25. Nxf6+ Kh8 26. Rxd6 b4 27. Rd5 Rc1 28. Rxc1 Qxc1+ 29. Rd1 Qxb2 30. Qf5 Kg7 31. Qg5+ Kh8 32. Qh6 Qc2 33. Qxf8# 1-0


[Site "https://www.chess.com"]

[Event "Titled Tuesday Blitz May 4 2021"]
[White "Shvedova, Alexandra"]
[Black "Kabanov, Nikolai"]
[WhiteFideId "54154782"]
[BlackFideId "4127820"]
[WhiteElo "1887"]
[BlackElo "2376"]
[Result "1-0"]
[Round "11"]
[TimeControl "180+1"]
[Date "2021.05.04"]
[WhiteClock "0:00:58"]
[BlackClock "0:00:02"]

1. e4 e5 2. Nf3 Nc6 3. Bc4 Bc5 4. c3 Nf6 5. d4 exd4 6. e5 d5 7. Bb5 Ne4 8. cxd4 Bb6 9. Nc3 O-O 10. Be3 Bg4 11. h3 Bxf3 12. gxf3 Nxc3 13. bxc3 Ba5 14. Rc1 Qh4 15. f4 f6 16. Qg4 Qxg4 17. hxg4 fxe5 18. fxe5 Rf3 19. Be2 Rf7 20. f4 g6 21. Bd3 Raf8 22. Ke2 Ne7 23. Bd2 c6 24. Rcf1 b5 25. Rh2 Bb6 26. Rhf2 c5 27. Be3 cxd4 28. cxd4 Nc6 29. Bxb5 Nxd4+ 30. Bxd4 Bxd4 31. Rf3 g5 32. Bc6 Rxf4 33. Bxd5+ Kg7 34. Rxf4 gxf4 35. e6 Be5 36. Kd3 Kf6 37. Ke4 h6 38. Rh1 Rh8 39. g5+ Kxg5 40. Kxe5 h5 41. e7 f3 42. Bxf3 Kg6 43. Ke6 Kg7 44. Bxh5 1-0


[Site "https://www.chess.com"]

[Event "Titled Tuesday Blitz May 4 2021"]
[White "Shyaamnikhil P"]
[Black "Papasimakopoulos, Alexandros"]
[WhiteFideId "5024218"]
[BlackFideId "4244125"]
[WhiteElo "2300"]
[BlackElo "2352"]
[Result "0-1"]
[Round "11"]
[TimeControl "180+1"]
[Date "2021.05.04"]
[WhiteClock "0:00:21"]
[BlackClock "0:00:25"]

1. e3 f5 2. g4 d5 3. gxf5 Bxf5 4. d4 Nf6 5. Bd3 e6 6. Ne2 Bd6 7. Ng3 Bxd3 8. cxd3 O-O 9. Nc3 e5 10. dxe5 Bxe5 11. d4 Bxg3 12. hxg3 Nc6 13. a3 Qd7 14. b4 Qf5 15. Ra2 Rae8 16. b5 Na5 17. Re2 Qf3 18. Rf1 Ng4 19. Rb2 Qf5 20. Nxd5 Nh2 21. Nf4 Nxf1 22. Kxf1 g5 23. Ng2 Qh3 24. Kg1 Re6 25. e4 Rh6 26. Nh4 gxh4 27. Bxh6 hxg3 28. fxg3 Qxh6 29. Qd2 Qxd2 30. Rxd2 Nc4 31. Rc2 Nxa3 32. Rxc7 Rf7 33. Rc5 Rd7 34. d5 b6 35. Rc8+ Kg7 36. Kf2 Nxb5 37. Ke3 Nd6 38. Rc6 Nf7 39. Kf4 Re7 40. Rc8 Rxe4+ 41. Kxe4 Nd6+ 42. Ke5 Nxc8 43. Ke6 b5 44. Kd7 Nb6+ 45. Kc6 Nxd5 46. Kxd5 a6 47. Kc5 Kg6 48. Kb4 Kg5 49. Ka5 Kg4 50. Kxa6 b4 51. Kb5 b3 52. Kc4 b2 53. Kd3 b1=Q+ 54. Ke3 Qg1+ 55. Ke4 Qxg3 56. Kd5 h5 0-1


[Site "https://www.chess.com"]

[Event "Titled Tuesday Blitz May 4 2021"]
[White "Sieciechowicz, Marcin"]
[Black "Chitlange Sakshi"]
[WhiteFideId "1130170"]
[BlackFideId "35002899"]
[WhiteElo "2288"]
[BlackElo "1787"]
[Result "1-0"]
[Round "11"]
[TimeControl "180+1"]
[Date "2021.05.04"]
[WhiteClock "0:00:14"]
[BlackClock "0:00:19"]

1. d4 Nf6 2. c4 e6 3. Nc3 Bb4 4. e3 c5 5. Ne2 b6 6. a3 Ba5 7. Rb1 Na6 8. g3 Bb7 9. d5 b5 10. Bg2 bxc4 11. e4 O-O 12. O-O exd5 13. exd5 d6 14. Qa4 Bb6 15. Qxc4 Nc7 16. b4 cxb4 17. axb4 Rc8 18. Qb3 Ba6 19. Bf4 Nb5 20. Rfd1 Nxc3 21. Nxc3 Ng4 22. Ne4 f5 23. h3 fxe4 24. hxg4 Bd3 25. Rxd3 exd3 26. Qxd3 Qf6 27. g5 Qe7 28. Bh3 Rc7 29. Be6+ Kh8 30. Kg2 Rb7 31. Rh1 g6 32. Qxg6 Qg7 33. Qe4 Qd4 34. Qxd4+ Bxd4 35. Bxd6 Rxf2+ 36. Kh3 Kg7 37. Bc5 Rd2 38. Rf1 Bxc5 39. bxc5 Rbb2 40. c6 Rh2+ 41. Kg4 Kg6 42. Rf6+ Kg7 43. c7 Rb4+ 44. Rf4 Rxf4+ 45. gxf4 Rg2+ 46. Kf3 Rc2 47. c8=Q Rxc8 48. Bxc8 h6 49. Kg4 hxg5 50. Kxg5 a5 51. Bd7 a4 52. Bxa4 Kf7 53. f5 Ke7 54. f6+ Kf8 55. Kg6 Kg8 56. d6 Kf8 57. d7 Kg8 58. d8=Q# 1-0


[Site "https://www.chess.com"]

[Event "Titled Tuesday Blitz May 4 2021"]
[White "Sikorova, Olga"]
[Black "Bashirli, Saadat"]
[WhiteFideId "307033"]
[BlackFideId "13429990"]
[WhiteElo "2188"]
[BlackElo "1153"]
[Result "1-0"]
[Round "11"]
[TimeControl "180+1"]
[Date "2021.05.04"]
[WhiteClock "0:01:37"]
[BlackClock "0:01:25"]

1. c4 e6 2. g3 Nf6 3. Bg2 d5 4. Nf3 Bd6 5. O-O O-O 6. b3 c6 7. Bb2 Re8 8. d3 e5 9. cxd5 cxd5 10. e3 Nc6 11. Nc3 Be6 12. Qd2 a6 13. d4 e4 14. Ng5 b5 15. Nxe6 Rxe6 16. Rfc1 Rc8 17. Bf1 Bb4 18. a3 Bxc3 19. Bxc3 Re8 20. Bb4 Qd7 21. Bc5 1-0


[Site "https://www.chess.com"]

[Event "Titled Tuesday Blitz May 4 2021"]
[White "Simonovic, Miroslav"]
[Black "Garcia Fuentes, Sergio Miguel"]
[WhiteFideId "919152"]
[BlackFideId "7300549"]
[WhiteElo "2043"]
[BlackElo "2167"]
[Result "0-1"]
[Round "11"]
[TimeControl "180+1"]
[Date "2021.05.04"]
[WhiteClock "0:00:01"]
[BlackClock "0:00:20"]

1. d4 g6 2. h4 Nf6 3. Bg5 Bg7 4. Bxf6 Bxf6 5. h5 c5 6. c3 Qb6 7. Qc2 cxd4 8. cxd4 Nc6 9. e3 d6 10. Nd2 Bf5 11. Qb3 O-O 12. hxg6 hxg6 13. a3 Qa5 14. Bd3 Bxd3 15. Qxd3 Rac8 16. Ke2 Nb4 17. Qb3 Qa6+ 18. Kf3 Nd3 19. Ne2 e5 20. Ne4 Bg7 21. Nxd6 Qxd6 22. Qxd3 exd4 23. Nxd4 Rfd8 24. Rad1 Rd7 25. Rh4 Rcd8 26. Rf4 Be5 27. Re4 f5 28. Rh4 Qd5+ 29. Ke2 Qxg2 30. Qc4+ Kg7 31. Rdh1 Bxd4 32. Rh7+ Kf6 0-1


[Site "https://www.chess.com"]

[Event "Titled Tuesday Blitz May 4 2021"]
[White "Smietanska, Wiktoria"]
[Black "Langner, Ladislav"]
[WhiteFideId "21869359"]
[BlackFideId "300403"]
[WhiteElo "1780"]
[BlackElo "2346"]
[Result "0-1"]
[Round "11"]
[TimeControl "180+1"]
[Date "2021.05.04"]
[WhiteClock "0:01:29"]
[BlackClock "0:01:00"]

1. e4 c5 2. d4 e6 3. dxc5 Bxc5 4. Nf3 Nf6 5. Nc3 d6 6. Bg5 Nc6 7. Bb5 h6 8. Bh4 Bd7 9. O-O a6 10. Ba4 b5 11. Bb3 b4 12. Na4 g5 13. Bg3 Nxe4 14. Nxc5 dxc5 15. Re1 Nxg3 16. hxg3 O-O 17. Ne5 Nxe5 18. Rxe5 Qc7 19. f4 Rad8 20. Qh5 Kg7 21. Rae1 f6 22. R5e3 c4 23. fxg5 hxg5 24. Ba4 Bxa4 25. Rxe6 Rf7 26. Kf2 Qc5+ 27. Kf1 Rh8 28. Qf3 Bxc2 29. Re8 Bd3+ 30. R1e2 Rh1# 0-1


[Site "https://www.chess.com"]

[Event "Titled Tuesday Blitz May 4 2021"]
[White "Sokolov, Andrey M."]
[Black "Campelo, Leandro Fabricio"]
[WhiteFideId "4171438"]
[BlackFideId "2103346"]
[WhiteElo "2349"]
[BlackElo "2105"]
[Result "1-0"]
[Round "11"]
[TimeControl "180+1"]
[Date "2021.05.04"]
[WhiteClock "0:02:13"]
[BlackClock "0:01:11"]

1. d4 Nf6 2. Nf3 g6 3. Bf4 Bg7 4. e3 d6 5. Be2 O-O 6. O-O c5 7. c3 Nbd7 8. h3 b6 9. a4 a6 10. Nbd2 Bb7 11. Re1 Re8 12. Bh2 e5 13. Nc4 e4 14. Nfd2 cxd4 15. cxd4 Bf8 16. Nxd6 Bxd6 17. Bxd6 Nf8 18. Bg3 Ne6 19. Rc1 Rc8 20. Qb3 Rxc1 21. Rxc1 Bd5 22. Qb4 Qd7 23. Bxa6 1-0


[Site "https://www.chess.com"]